Map: Blackpink LE

Players

Sallemn - Winner!

  • Race: Zerg Zerg
  • Spawn Location: 1:00

axu

  • Race: Protoss Protoss
  • League: Platinum
  • Spawn Location: 7:00

VOD

Have the link to the VOD?

Description

Time

  • Played on: March 23, 2018, 2:18 p.m.
  • Length: 15:18
Show
View Real Time Build Order
Export as new Build Order

Sallemn Zerg - Winner!

Build Orders: Hatch First, Lurkers 

Get SALT Encoding   

  12  0:05  Drone  
  13  0:14  Overlord  
  13  0:19  Drone  
  14  0:33  Drone x2  
  16  0:38  Drone  
  17  0:49  Drone  
  18  1:01  Hatchery  
  17  1:07  Drone  
  18  1:13  Spawning Pool  
  18  1:15  Drone  
  18  1:24  Drone  
  19  1:32  Overlord  
  19  1:42  Drone  
  20  1:58  Drone  
  20  2:00  Queen  
  23  2:11  Drone  
  23  2:12  Queen  
  23  2:14  Drone x2  
  28  2:32  Drone x2  
  30  2:38  Extractor  
  30  2:39  Extractor  
  30  2:41  Overlord  
  30  2:44  Drone  
  29  2:54  Drone x2  
  29  2:55  Hatchery, Queen  
  32  3:07  Drone  
  32  3:09  Drone x2  
  32  3:10  Drone  
  32  3:12  Drone  
  37  3:16  Overlord  
  37  3:23  Drone x3  
  37  3:26  Metabolic Boost  
  39  3:41  Spore Crawler  
  39  3:45  Extractor  
  39  3:46  Spore Crawler  
  39  3:48  Drone x3  
  39  3:50  Lair  
  39  3:54  Evolution Chamber  
  38  3:56  Evolution Chamber  
  38  3:58  Roach Warren  
  38  4:00  Drone  
  37  4:06  Drone x3  
  40  4:15  Drone x2  
  40  4:16  Drone  
  43  4:20  Overlord  
  43  4:23  Queen  
  45  4:29  Zergling x4  
  45  4:30  Zergling x2  
  43  4:54  Roach x4  
  43  4:55  Roach x2  
  52  5:11  Zerg Missile Weapons Level 1  
  52  5:12  Zerg Ground Armor Level 1  
  52  5:16  Hydralisk Den  
  51  5:27  Extractor  
  51  5:28  Drone x3  
  53  5:41  Drone x4  
  53  5:42  Drone x4  
  61  5:55  Glial Reconstitution  
  61  5:58  Muscular Augments  
  61  5:59  Drone x2  
  63  6:06  Overseer  
  63  6:09  Pneumatized Carapace  
  63  6:14  Drone x2  
  63  6:16  Overlord  
  63  6:18  Overlord  
  65  6:21  Overlord  
  65  6:40  Hydralisk x5  
  75  6:49  Roach x3  
  75  6:50  Roach  
  83  7:03  Overlord  
  79  7:21  Roach x2  
  79  7:22  Roach x3  
  63  7:38  Roach x5  
  63  7:39  Roach x6  
  79  7:53  Hydralisk x4  
  79  7:54  Hydralisk  
  89  8:06  Hydralisk  
  89  8:08  Overlord  
  81  8:49  Hydralisk x2  
  81  8:50  Hydralisk x7  
  96  9:09  Drone x3  
  99  9:26  Drone  
  99  9:27  Overlord  
  100  9:41  Hatchery  
  99  10:01  Spire  
  98  10:07  Overlord  
  98  10:42  Overlord  
  98  10:43  Overlord x3  
  98  10:55  Lurker Den  
  97  10:59  Drone  
  98  11:12  Mutalisk x4  
  98  11:13  Mutalisk x8  
  122  11:20  Extractor  
  122  11:21  Drone x3  
  122  11:23  Drone x3, Extractor  
  126  11:26  Drone x2  
  126  11:32  Mutalisk x2  
  132  11:51  Mutalisk x2  
  136  11:55  Mutalisk  
  138  12:14  Mutalisk x3  
  144  12:21  Lurker  
  145  12:26  Lurker  
  146  12:44  Hatchery  
  146  12:50  Lurker  
  146  12:51  Overlord x2  
  146  12:52  Overlord x2  
  146  13:40  Lurker x5  
  146  13:41  Lurker x6  
  155  14:45  Mutalisk x6  
  155  14:46  Mutalisk x3  
Show
View Real Time Build Order
Export as new Build Order

axu Protoss 

Build Orders: 1 Gate Expand 

Get SALT Encoding   

  12  0:00  Probe  
  13  0:12  Probe  
  14  0:22  Pylon  
  14  0:25  Probe  
  15  0:40  Probe  
  15  0:42  Gateway  
  16  0:53  Probe (Chrono Boost)  
  16  0:54  Assimilator  
  18  1:05  Probe (Chrono Boost)  
  18  1:12  Probe (Chrono Boost)  
  19  1:21  Probe  
  20  1:35  Probe  
  21  1:44  Nexus  
  21  1:52  Probe  
  22  1:59  Cybernetics Core  
  22  2:05  Cybernetics Core  
  22  2:09  Gateway  
  22  2:12  Probe  
  23  2:19  Assimilator  
  23  2:37  Pylon  
  23  2:46  Warp Gate  
  23  2:55  Stalker, Probe (Chrono Boost)  
  26  3:03  Probe (Chrono Boost)  
  27  3:07  Stalker, Probe (Chrono Boost)  
  27  3:12  Probe (Chrono Boost)  
  31  3:14  Probe (Chrono Boost)  
  31  3:17  Probe (Chrono Boost)  
  33  3:22  Robotics Facility, Probe  
  34  3:35  Adept  
  34  3:37  Probe x2  
  34  3:38  Adept  
  40  3:42  Twilight Council  
  40  3:49  Probe x2  
  40  3:51  Pylon  
  42  4:01  Probe  
  42  4:02  Probe  
  44  4:05  Assimilator  
  44  4:07  Assimilator  
  44  4:13  Probe  
  44  4:14  Probe  
  46  4:36  Pylon  
  44  5:01  Immortal (Chrono Boost)  
  44  5:03  Probe x2  
  48  5:11  Adept x2  
  52  5:15  Probe x2  
  52  5:19  Gateway  
  52  5:20  Gateway  
  54  5:22  Gateway  
  54  5:23  Gateway  
  54  5:25  Gateway  
  54  5:26  Gateway  
  54  5:27  Probe  
  55  5:30  Resonating Glaives (Chrono Boost), Pylon  
  55  5:34  Pylon  
  55  5:37  Immortal (Chrono Boost)  
  55  5:38  Pylon  
  55  5:41  Pylon  
  59  5:44  Probe x2  
  61  5:53  Adept x2  
  65  5:59  Nexus  
  65  6:08  Pylon  
  65  6:09  Warp Prism  
  67  6:16  Probe x2  
  69  6:26  Adept x4  
  69  6:27  Adept  
  79  6:37  Pylon  
  79  6:43  Adept x2  
  79  6:44  Adept  
  85  6:55  Immortal  
  89  7:19  Adept x4  
  89  7:20  Adept  
  87  7:34  Adept x2  
  87  7:35  Adept  
  79  7:46  Immortal  
  79  7:47  Adept  
  79  7:48  Adept x4  
  91  8:08  Adept x4  
  91  8:09  Adept  
  91  8:10  Adept x3  
  75  8:50  Immortal  
  75  8:51  Stalker x2  
  75  8:52  Stalker x2  
  75  8:53  Stalker x4  
  95  8:55  Probe  
  95  8:56  Probe  
  83  9:07  Shield Battery  
  83  9:08  Probe x2  
  83  9:09  Shield Battery  
  83  9:12  Shield Battery  
  81  9:24  Charge (Chrono Boost)  
  81  9:36  Assimilator, Immortal  
  81  9:38  Assimilator  
  85  9:41  Zealot x4  
  93  9:55  Probe x3  
  97  10:07  Probe x2, Forge  
  97  10:09  Forge  
  97  10:13  Zealot  
  100  10:15  Observer  
  100  10:16  Probe  
  100  10:19  Probe x2  
  104  10:27  Zealot x2  
  104  10:28  Probe  
  109  10:31  Probe x2  
  109  10:34  Templar Archives  
  111  10:36  Immortal  
  115  10:52  Robotics Facility  
  115  10:53  Probe x2  
  117  11:03  Stalker x2  
  121  11:06  Nexus  
  121  11:08  Protoss Ground Armor Level 1 (Chrono Boost), Protoss Ground Weapons Level 1 (Chrono Boost), Pylon  
  121  11:11  Pylon  
  121  11:16  Observer  
  121  11:17  High Templar  
  124  11:24  Pylon  
  124  11:25  Pylon  
  124  11:27  Pylon  
  124  11:29  High Templar x4  
  124  11:30  High Templar x3  
  138  11:42  Pylon  
  138  11:45  Pylon  
  138  11:50  Observer  
  138  11:53  Observer  
  140  12:07  Shield Battery  
  140  12:08  Shield Battery  
  140  12:11  Shield Battery  
  140  12:12  Photon Cannon  
  140  12:14  Photon Cannon  
  140  12:16  Probe x3, Photon Cannon  
  140  12:17  Photon Cannon  
  143  12:28  Probe x2  
  145  12:31  High Templar x3  
  145  12:32  Assimilator, High Templar x5  
  145  12:35  Archon x2, Assimilator  
  145  12:36  Archon x2  
  161  13:07  Photon Cannon  
  161  13:08  Photon Cannon  
  161  13:09  Photon Cannon  
  161  13:10  Photon Cannon  
  161  13:11  High Templar x4, Photon Cannon  
  161  13:12  High Templar x2  
  173  13:15  Archon x2  
  173  13:16  Archon  
  173  13:21  Pylon  
  173  13:23  Pylon  
  151  13:48  Templar Archives  
  149  13:51  Archon x2  
  149  13:52  Archon x2  
  146  13:58  Photon Cannon  
  146  14:01  Photon Cannon  
  137  14:17  Photon Cannon  
  137  14:26  Photon Cannon  
  137  14:28  Photon Cannon  
  133  14:32  Photon Cannon  
  124  14:40  Zealot x2  
  124  14:52  Photon Cannon  
  123  14:58  Photon Cannon  
  115  15:00  Nexus, Photon Cannon  
Tags
 
Add a new tag
Caveats
  • Supply blocks, unpowered buildings, or Contaminate may cause inaccurate times.
  • Supply counts are checked every 10 seconds.